 Dungeon Crawl Stone Soup version 0.13-a0-2584-g2e76cfd (console) character file.

262 Chozo the Charmwright (level 4, -3/36 HPs)
             Began as a Lava Orc Skald on July 31, 2013.
             Slain by a worker ant (4 damage)
             ... on Level 4 of the Dungeon.
             The game lasted 00:04:08 (1719 turns).

Chozo the Charmwright (Lava Orc Skald)              Turns: 1719, Time: 00:04:09

HP  -3/36        AC  5     Str 14      XL: 4   Next: 49%
MP   8/8         EV 10     Int 13      God:
Gold 160         SH  0     Dex 10      Spells:  3 memorised,  2 levels left

Res.Fire  : + + +   See Invis. : .   a - +0 orc hand axe {=f}
Res.Cold  : x . .   Warding    : .   b - +0 orc leather armour
Life Prot.: . . .   Conserve   : .   (no shield)
Res.Poison: .       Res.Corr.  : .   (no helmet)
Res.Elec. : .       Clarity    : +   (no cloak)
Sust.Abil.: . .     Spirit.Shd : .   (no gloves)
Res.Mut.  : .       Stasis     : .   i - +1 pair of elf boots
Res.Rott. : .       Flight     : .   (no amulet)
Saprovore : + . .                    (no ring)
                                     (no ring)

@: quick, slightly resistant to hostile enchantments, unstealthy
A: clarity, conserve scrolls, sense surroundings 1, saprovore 1, wild magic 1
a: no special abilities


You were on level 4 of the Dungeon.
You were not hungry.

You visited 1 branch of the dungeon, and saw 4 of its levels.

You collected 140 gold pieces.

Inventory:

Hand weapons
 a - a +0,+0 orcish hand axe (weapon) {=f}
Armour
 b - a +0 orcish leather armour (worn)
 i - a +1 pair of elven boots (worn)
Comestibles
 d - 2 meat rations
 n - a choko
 q - 2 chunks of orc flesh
Scrolls
 e - 2 scrolls of blinking {unknown}
 f - a scroll of teleportation {unknown}
 k - 2 scrolls of identify {unknown}
 l - a scroll of enchant armour {unknown}
 o - a scroll of remove curse {unknown}
 r - a scroll of curse armour {unknown}
Potions
 g - 2 potions of restore abilities {unknown}
 h - a potion of curing {unknown}
 j - a potion of agility {unknown}
 m - a potion of heal wounds {unknown}
 p - a potion of mutation
Books
 c - a book of Battle

   Spells                             Type                      Level
   *Infusion                          Charms                       1
   *Shroud of Golubria                Charms/Translocation         2
   *Song of Slaying                   Charms                       2
   Spectral Weapon                    Hexes/Charms                 3
   Regeneration                       Charms/Necromancy            3
   Song of Shielding                  Charms                       4


   Skills:
 + Level 3.1 Fighting
 + Level 3.3 Axes
 + Level 2.0 Armour
 - Level 0.7 Dodging
 + Level 2.1 Spellcasting
 + Level 3.4 Charms


You had 2 spell levels left.
You knew the following spells:

 Your Spells              Type           Power        Failure   Level  Hunger
a - Infusion              Chrm           ###...       16%         1    ##.....
b - Song of Slaying       Chrm           ###.......   19%         2    ###....
c - Shroud of Golubria    Chrm/Tloc      #.........   34%         2    ###....


Dungeon Overview and Level Annotations

Branches:
Dungeon (4/27)
 Temple: D:4-7

Altars:


Innate Abilities, Weirdness & Mutations

You have stony skin.
You cover ground quickly.
Your flesh is almost immune to the effects of heat.
Your fire spells are more powerful.
Your flesh is vulnerable to cold.
Your heat harms attackers.
You bathe your surroundings in blazing heat.
You are too hot to use scrolls.
You are very good at protecting items from fire.
You can tolerate rotten meat.
You possess an exceptional clarity of mind.
You passively map a small area around you.
Your spells are a little harder to cast, but a little more powerful.


Message History

* * * LOW HITPOINT WARNING * * *
You feel sick.
You feel better. The worker ant misses you. The worker ant barely misses you.
You hit the worker ant.
The worker ant is almost dead.
The worker ant bites you.
* * * LOW HITPOINT WARNING * * *
The worker ant appears unharmed.
Drink which item? (? for menu, Esc to quit)
You feel extremely strange.
You feel a strange attunement to the structure of the dungeons.
Your thoughts seem clearer.
You feel less in control of your magic.
It was a potion of mutation.
You're getting fired up.
The worker ant barely misses you.
You completely miss the worker ant.
The worker ant is almost dead.
The worker ant barely misses you. The worker ant bites you.
You die...

* ###########
............#
.(...........#
,
.............#
,, ,
.............#
.........%)..?#
.......[@a....#
, ,
.$............#
.............#
, ,
.............#
##############


You could see a worker ant.

Vanquished Creatures
  2 adders (D:2)
  4 gnolls (D:2)
  A worm (D:2)
  2 orcs (D:3)
  6 bats
  2 giant cockroaches (D:1)
  5 goblins (D:1)
  8 hobgoblins
  3 kobolds (D:2)
  A ball python (D:1)
  3 giant newts
  A hobgoblin skeleton (D:4)
  6 rats
44 creatures vanquished.

Notes
Turn   | Place    | Note
--------------------------------------------------------------
     0 | D:1      | Chozo, the Lava Orc Skald, began the quest for the Orb.
     0 | D:1      | Reached XP level 1. HP: 16/16 MP: 3/3
   122 | D:1      | Reached XP level 2. HP: 18/23 MP: 4/4
   386 | D:1      | Reached skill level 3 in Charms
   575 | D:2      | Reached XP level 3. HP: 11/29 MP: 4/6
   814 | D:2      | Learned a level 2 spell: Song of Slaying
   817 | D:2      | Learned a level 2 spell: Shroud of Golubria
   979 | D:2      | Reached XP level 4. HP: 12/36 MP: 8/8
  1543 | D:3      | HP: 1/36 [orc/orcish falchion (7)]
  1717 | D:4      | HP: 1/36 [worker ant (4)]
  1718 | D:4      | Gained mutation: You passively map a small area around you. [potion of mutation]
  1718 | D:4      | Gained mutation: You possess an exceptional clarity of mind. [potion of mutation]
  1718 | D:4      | Gained mutation: Your spells are a little harder to cast, but a little more powerful. [potion of mutation]
  1719 | D:4      | Slain by a worker ant

Action                   |  1- 3 |  4- 6 || total
-------------------------+-------+-------++-------
Melee: Hand axe          |   108 |    57 ||   165
  Use: Potion            |       |     1 ||     1
 Stab: Sleeping          |       |     1 ||     1
